AoeStats
← Philip♿

Arena

509197328Analyzed
3v3 RM · 6d ago on Sep 25, 2026· 48m 21s· 6 players
Game mode
Random Map
Map size
Normal (6 player)
Population
200
Speed
Normal
Resources
Standard
Victory
Conquest
Starting age
Dark Age
Ending age
Imperial Age
RankedLock teamsTeams togetherTeam positionsShared explorationLock speedFull tech treeHidden civsTurbo modeCheats
Victory
Defeat
🇦🇷 Bohemians · Argentina
1184
+5
🇨🇷 Britons · Costa Rica
721
+20
🇨🇷 Franks · Costa Rica
697
+21
🇸🇦 Chinese · Saudi Arabia
927
-18
🇲🇰 Varangians · North Macedonia
924
-19
🇸🇦 Bohemians · Saudi Arabia
690
-9
dre
10:44 Feudal Age
12:15 Double-Bit Axe
13:33 Horse Collar
16:00 Castle Age
15:59 Stone Mining
20:11 Bow Saw
22:25 Wheelbarrow
22:33 Heavy Plow
25:24 Forging
27:00 Bloodlines
26:51 Husbandry
27:19 Hand Cart
26:56 Loom
27:45 Town Watch
29:26 Iron Casting
28:51 Scale Mail Armor
28:42 Fletching
33:35 Imperial Age
37:17 Imperial Age
35:42 Gold Mining
36:32 Stone Shaft Mining
36:27 Chain Mail Armor
37:28 Elite Jarl
43:19 Two-Man Saw
43:39 Crop Rotation
45:51 Pikeman
47:33 Blast Furnace
47:03 Plate Mail Armor
46:54 Squires
Philip♿
10:59 Feudal Age
12:43 Double-Bit Axe
12:43 Horse Collar
21:03 Castle Age
24:57 Heavy Plow
37:28 Imperial Age
38:25 Elite Hussite Wagon
40:30 Pikeman
41:10 Squires
40:58 Arson
42:16 Halberdier
43:10 Scale Barding Armor
43:05 Scale Mail Armor
43:16 Forging
46:47 Chain Barding Armor
46:42 Chain Mail Armor
47:02 Iron Casting
Topel
8:47 Loom
11:13 Feudal Age
12:33 Double-Bit Axe
13:42 Horse Collar
15:30 Gold Mining
19:12 Castle Age
17:08 Fletching
19:08 Padded Archer Armor
19:13 Stone Mining
20:32 Stone Shaft Mining
22:54 Leather Archer Armor
25:19 Bow Saw
25:29 Heavy Plow
32:38 Imperial Age
30:30 Bodkin Arrow
31:24 Forging
31:15 Scale Mail Armor
33:08 Elite Fire Lancer
35:13 Conscription
37:37 Ballistics
38:46 Iron Casting
40:44 Chemistry
Dani120588
2:59 Loom
11:52 Feudal Age
16:57 Castle Age
15:11 Stone Mining
15:39 Gold Mining
16:03 Double-Bit Axe
31:02 Imperial Age
29:09 Wheelbarrow
28:52 Bow Saw
29:23 Gold Shaft Mining
29:19 Fletching
31:43 Husbandry
31:06 Cavalier
32:07 Forging
32:03 Scale Barding Armor
33:35 Chemistry
32:57 Ballistics
32:20 Treadmill Crane
33:40 Hand Cart
33:20 Town Watch
33:58 Chain Barding Armor
35:04 Paladin
37:43 Iron Casting
40:38 Caravan
43:56 Plate Barding Armor
44:22 Blast Furnace
43:18 Bodkin Arrow
48:01 Conscription
47:53 Chivalry
Kakashi
0:40 Loom
5:16 Loom
11:38 Feudal Age
15:27 Town Watch
18:42 Castle Age
18:06 Wheelbarrow
17:19 Double-Bit Axe
17:17 Horse Collar
18:03 Gold Mining
19:31 Stone Mining
19:55 Bow Saw
19:47 Heavy Plow
21:15 Gold Shaft Mining
25:37 Hand Cart
28:22 Ballistics
27:44 Treadmill Crane
34:09 Imperial Age
31:23 Crossbowman
35:06 Padded Archer Armor
34:56 Fletching
35:05 Murder Holes
35:54 Warwolf
37:24 Two-Man Saw
37:12 Conscription
36:37 Cranequins
39:25 Leather Archer Armor
39:05 Bodkin Arrow
40:26 Chemistry
39:44 Arbalester
41:28 Husbandry
40:49 Cavalier
44:32 Forging
44:23 Scale Mail Armor
44:37 Fortified Wall
46:43 Heavy Mounted Crossbowman
47:35 Elite Skirmisher
48:18 Bracer
Tomy25142
11:01 Feudal Age
9:19 Loom
12:56 Double-Bit Axe
15:28 Castle Age
13:30 Horse Collar
17:30 Pikeman
19:03 Scale Mail Armor
19:47 Bow Saw
26:12 Imperial Age
25:03 Forging
27:56 Wheelbarrow
27:34 Squires
28:52 Chemistry
29:57 Chain Mail Armor
31:39 Fletching
31:50 Padded Archer Armor
33:45 Leather Archer Armor
33:34 Bodkin Arrow
33:01 Elite Skirmisher
34:29 Conscription
35:27 Ballistics
35:53 Bracer
36:23 Ring Archer Armor
36:16 Hand Cart
35:47 Town Watch
37:25 Iron Casting
37:21 Plate Mail Armor
36:15 Halberdier
40:05 Blast Furnace
41:40 Town Patrol
Connection lost

Rejoining the realm…

Still unreachable

The connection could not be restored.

Session expired

The server has moved on; the page needs a fresh start.